 Dungeon Crawl Stone Soup version 0.29-a0-1023-g6ae1a4a2c7 (webtiles) character file.

Game seed: 8749108993886945254

200 2tc the Spear-Bearer (level 5, -4/40 HPs)
             Began as a Merfolk Gladiator on Aug 11, 2022.
             Was a Follower of Ashenzari.
             Slain by an iguana (9 damage)
             ... on level 4 of the Dungeon.
             The game lasted 00:11:22 (3033 turns).

2tc the Spear-Bearer (Merfolk Gladiator)            Turns: 3033, Time: 00:11:23

Health: -4/40      AC:  6    Str: 15    XL:     5   Next: 79%
Magic:  5/5        EV: 13    Int:  9    God:    Ashenzari [*.....]
Gold:   214        SH:  0    Dex: 15    Spells: 4/4 levels left

rFire   . . .      SeeInvis .   k - +0 spear
rCold   . . .      Faith    .   (no shield)
rNeg    . . .      Spirit   .   b - +0 leather armour
rPois   .          Reflect  .   c - +1 helmet of Ashenzari's Irritation {Cun, Self} (curse)
rElec   .          Harm     .   (no cloak)
rCorr   .          Rampage  .   h - +0 pair of gloves
Will    .....                   (no boots)
Stlth   +.........              g - amulet "Enigmatic Awkwardness" {Acrobat, Alch, Comp} (curse)
HPRegen 0.13/turn               (no ring)
MPRegen 0.09/turn               (no ring)

@: no status effects
A: (nimble swimmer 2), mertail
a: Renounce Religion, Curse Item, Shatter the Chains


You were on level 4 of the Dungeon.
You worshipped Ashenzari.
Ashenzari was aware of your devotion.
You visited 1 branch of the dungeon, and saw 4 of its levels.

You collected 214 gold pieces.

Inventory:

Hand Weapons
 a - a +0 trident
 k - a +0 spear (weapon)
Missiles
 d - 3 throwing nets (quivered)
 e - 4 javelins
Armour
 b - a +0 leather armour (worn)
 c - the cursed +1 helmet of Ashenzari's Irritation (worn) {Cun, Self}

   It has a curse which improves the following skills: Cunning: Dodging and
   Stealth.
   Introspection: Fighting and Spellcasting.
 h - a +0 pair of gloves (worn)
Jewellery
 g - the cursed amulet "Enigmatic Awkwardness" (around neck) {Acrobat, Alch, Comp}
   (You found it on level 1 of the Dungeon)

   [amulet of the acrobat]

   It increases your evasion while moving and waiting.
   It has a curse which improves the following skills: Alchemy: Poison Magic and
   Transmutations.
   Companions: Summonings and Necromancy.
 l - an amulet of regeneration
 n - a ring of protection from fire
Wands
 i - a wand of flame (11)
Scrolls
 q - a scroll of amnesia
Potions
 f - 2 potions of curing
 j - a potion of cancellation
 m - 2 potions of might
 o - 2 potions of lignification
 p - a potion of haste


   Skills:
 - Level 2.1(2.8) Fighting
 * Level 8.3 Polearms
 - Level 2.0 Throwing
 - Level 4.0(4.8) Dodging


You had 4 spell levels left.
You didn't know any spells.
Your spell library contained the following spells:

 Spells                   Type           Power      Damage    Failure   Level
 Summon Small Mammal      Summ           0%         N/A       43%         1
 Call Canine Familiar     Summ           0%         N/A       82%         3
 Summon Guardian Golem    Hex/Summ       0%         N/A       83%         3
 Leda's Liquefaction      Hex/Erth       0%         N/A       99%         4
 Lee's Rapid Deconstruct  Erth           0%         3d5*      100%        5
 Statue Form              Tmut/Erth      0%         N/A       100%        6


Dungeon Overview and Level Annotations

Branches:
Dungeon (4/15)
 Temple: D:4-7

Altars:
Ashenzari

Annotations:
D:3 2 transporters, BritishOli's ghost, amateur DsFi


Innate Abilities, Weirdness & Mutations

((You are very nimble when in or above water. (Stealth+, EV+, Speed+++)))
Your lower body shifts to a powerful aquatic tail in water.


Message History

The hound bites you but does no damage.
You hit the hound.
The hound is severely wounded.
The hound barely misses you.
You hit the hound.
The hound is almost dead.
The hound bites you.
You hit the hound.
You kill the hound!
You reach to attack!
You hit the iguana.
The iguana is lightly wounded.
You hit the iguana but do no damage.
The iguana is lightly wounded.
The iguana bites you.
You barely miss the iguana.
The iguana is lightly wounded.
The iguana bites you.
You are too injured to fight recklessly!
You are too injured to fight recklessly!
You are too injured to fight recklessly!
You are too injured to fight recklessly!
You are too injured to fight recklessly!
You hit the iguana.
The iguana is heavily wounded.
You hit the iguana.
The iguana is severely wounded.
The iguana bites you!
You barely miss the iguana.
The iguana is severely wounded.
The iguana closely misses you.
You closely miss the iguana.
The iguana is severely wounded.
You closely miss the iguana.
The iguana is severely wounded.
The iguana bites you!
* * * LOW HITPOINT WARNING * * *
You hit the iguana but do no damage.
The iguana is severely wounded.
The iguana bites you!
You die...

#.## ...##
#..##....##
#..........
#.:........
##..........
#)....######
##.....#
##l###..# .#
##@## ##.#
#.## ##.## .#
#..# ##.## ..
#..####..#
#..
#.......###
..
##........#
#....####....
#.[..# #...
##.<## ..


You could see an iguana.

Vanquished Creatures
  A necrophage (D:2)
  A hound (D:4)
  2 adders (D:2)
  3 gnolls (D:3)
  2 dart slugs
  4 ball pythons
  5 endoplasms
  3 giant cockroaches
  9 goblins
  5 hobgoblins
  2 quokkas (D:2)
  4 bats
  4 frilled lizards
  9 kobolds
  A rat (D:1)
55 creatures vanquished.

Vanquished Creatures (others)
  A plant (D:3)
1 creature vanquished.

Grand Total: 56 creatures vanquished

Notes
Turn   | Place    | Note
-------+----------+-------------------------------------------
     0 | D:1      | 2tc the Merfolk Gladiator began the quest for the Orb.
     0 | D:1      | Reached XP level 1. HP: 16/16 MP: 1/1
    99 | D:1      | Reached XP level 2. HP: 16/22 MP: 2/2
   231 | D:1      | HP: 1/22 [poisoned by a kobold]
   236 | D:1      | Reached skill level 5 in Polearms
   664 | D:1      | Found a faded altar of an unknown god.
   667 | D:1      | Prayed at the altar of an unknown god.
   667 | D:1      | Became a worshipper of Ashenzari the Shackled
   916 | D:2      | Reached XP level 3. HP: 27/27 MP: 3/3
  1127 | D:2      | Reached skill level 6 in Polearms
  1382 | D:2      | Reached * piety under Ashenzari
  1601 | D:2      | Reached XP level 4. HP: 34/34 MP: 4/4
  1776 | D:2      | Noticed a necrophage
  1800 | D:2      | Killed a necrophage
  1801 | D:2      | Reached skill level 7 in Polearms
  1801 | D:2      | Reached XP level 5. HP: 8/40 MP: 5/5
  2323 | D:3      | Found a transporter.
  2328 | D:3      | Noticed BritishOli's ghost (amateur DsFi)
  2687 | D:3      | Reached skill level 8 in Polearms
  2903 | D:3      | Found a transporter.
  3033 | D:4      | Slain by an iguana

Illustrated notes

Levels and vault maps discovered:
D:1:      spicycebolla_arrival_xxxplode, layout_rooms,
          ebering_ecumenical_altar_petrified,
          nicolae_concentric_dashed_squares_mild, minmay_fountain_box,
          chequers_serial_rivers_marsh, roderic_roman_lattice
D:2:      minmay_razor_zed, layout_basic
D:3:      layout_loops_ring, gammafunk_ghost_stat_death, nicolae_grassy_gnolls
D:4:      layout_layer_cave, kennysheep_mini

Skill      XL: |  1  2  3  4  5 |
---------------+----------------+-----
Polearms       | 5 6 7 8 |  8.3
Fighting       | |  2.1
Throwing       | |  2.0
Dodging        | |  4.0

Action                   |  1- 3 |  4- 6 || total
-------------------------+-------+-------++-------
Melee: Trident           |   108 |     1 ||   109
       Spear             |       |   127 ||   127
       Punch             |       |     3 ||     3
Invok: Curse Item        |     2 |       ||     2
  Use: Scroll            |     9 |       ||     9
       Potion            |     2 |     1 ||     3
Armor: Leather armour    |    28 |    15 ||    43
Dodge: Dodged            |    48 |    50 ||    98

Table legend: (Time is in decaauts)
 A = Elapsed time spent in this place.
 B = Non-inter-level travel time spent in this place.
 C = Inter-level travel time spent in this place.
 D = Time resting spent in this place.
 E = Time spent auto-exploring this place.
 F = Levels seen in this place.
 G = Mean time per level.
                   A        B        C        D        E       F      G
               +--------+--------+--------+--------+--------+-----+--------+
         Total |   2995 |   2824 |    171 |    263 |   2096 |   4 |  748.8 |
       Dungeon |   2995 |   2824 |    171 |    263 |   2096 |   4 |  748.8 |
               +--------+--------+--------+--------+--------+-----+--------+

Top non-repeatable levels by time:
     D:2: 1320 daAuts
     D:1: 883 daAuts
     D:3: 746 daAuts
     D:4: 45 daAuts
